 Dungeon Crawl Stone Soup version 0.31-a0-325-g067879e3d3 (webtiles) character file.

Game seed: 16591081865509240471

2580 LeprechaunX the Changeling (level 9, 0/139 HPs)
             Began as an Octopode Shapeshifter on July 18, 2023.
             Succumbed to a killer bee's poison
             ... on level 7 of the Dungeon.
             The game lasted 00:10:08 (5674 turns).

LeprechaunX the Changeling (Octopode Shapeshifter)  Turns: 5674, Time: 00:10:09

Health: 0/139      AC: 24    Str: 18    XL:     9   Next: 58%
Magic:  9/9        EV:  2    Int: 10    God:
Gold:   253        SH:  5    Dex: 15    Spells: 8/8 levels left

rFire   + . .        a - +2 scythe (flame)
rCold   . . .        (shield currently unavailable)
rNeg    . . .        (helmet currently unavailable)
rPois   +            v - amulet of reflection
rElec   .            d - ring "Imoptic" {Wiz rF+ Dex+2}
rCorr   .            (no ring)
SInv    .            (no ring)
Will    .....        (no ring) Stlth
                     (no ring)
HPRegen 0.43/turn    (no ring)
MPRegen 0.11/turn    (no ring)
                     (no ring)

%: reflection, wizardry (x1)
@: berserking, lethally poisoned (0 -> -2), tree-form, very quick
A: stationary, stasis, torment immunity, boosted hp, almost no armour,
(amphibious), 8 rings, (camouflage 1), (gelatinous body 1), (nimble swimmer 1),
(tentacles)
a: no special abilities


You were on level 7 of the Dungeon.
You were a tree.
You visited 2 branches of the dungeon, and saw 8 of its levels.

You collected 373 gold pieces.
You spent 120 gold pieces at shops.

Inventory:

Hand Weapons
 a - a +2 scythe of flaming (weapon)
 b - a +0 arbalest
Missiles
 A - 2 curare-tipped darts (quivered)
Jewellery
 d - the ring "Imoptic" (left branch) {Wiz rF+ Dex+2}
   (You bought it in a shop on level 1 of the Dungeon)

   [ring of wizardry]

   It improves your spell success rate.
   Dex:       It affects your dexterity (+2).
   rF:        It protects you from fire.
 v - an amulet of reflection (around neck)
 w - an amulet of guardian spirit
Talismans
 C - a beast talisman
Wands
 l - a wand of mindburst (13)
 t - a wand of flame (27)
Scrolls
 c - a scroll of vulnerability {unknown}
 e - a scroll of butterflies {unknown}
 f - a scroll of enchant armour {unknown}
 j - a scroll of poison {unknown}
 k - 2 scrolls of blinking {unknown}
 n - 4 scrolls of identify {unknown}
 o - a scroll of noise {unknown}
 p - a scroll of fear {unknown}
 q - a scroll of teleportation {unknown}
 r - a scroll of amnesia {unknown}
 s - 2 scrolls of fog {unknown}
 u - a scroll of torment {unknown}
 y - a scroll of acquirement {unknown}
 B - a scroll of brand weapon {unknown}
Potions
 g - a potion of resistance {unknown}
 h - 3 potions of curing
 i - 3 potions of lignification
 m - a potion of enlightenment {unknown}
 x - a potion of mutation {unknown}
 z - a potion of berserk rage
 D - a potion of might {unknown}


   Skills:
 + Level 5.6 Fighting
 + Level 4.5 Polearms
 + Level 0.3 Ranged Weapons
 - Level 4.0 Dodging
 + Level 6.0 Unarmed Combat
 + Level 2.0 Evocations
 * Level 7.1 Shapeshifting


You had 8 spell levels left.
You didn't know any spells.
Your spell library contained the following spells:

 Spells                   Type           Power      Damage    Failure   Level
 Ensorcelled Hibernation  Hex/Ice        0%         N/A       22%         2
 Passwall                 Tmut/Erth      0%         N/A       22%         2
 Poisonous Vapours        Pois/Air       0%         N/A       22%         2
 Dazzling Flash           Conj/Hex       0%         N/A       41%         3
 Mephitic Cloud           Conj/Pois/Air  0%         N/A       41%         3
 Swiftness                Air            0%         N/A       41%         3
 Volatile Blastmotes      Fire/Tloc      0%         2d10      41%         3
 Freezing Cloud           Conj/Ice/Air   0%         6-21      98%         5
 Starburst                Conj/Fire      0%         6d3       100%        6
 Maxwell's Capacitive Co  Air            0%         ∞         100%        8


Dungeon Overview and Level Annotations

Branches:
Dungeon (7/15)             Temple (1/1) D:5

Altars:
Ashenzari
Dithmenos
Elyvilon
Fedhas
Gozag
Hepliaklqana
Kikubaaqudgha
Makhleb
Nemelex Xobeh
Okawaru
Qazlal
Ru
Sif Muna
Trog
Uskayaw
Vehumet
Wu Jian
Xom
Yredelemnul
Zin
The Shining One

Shops:
D:1 *

Annotations:
Temple 4 transporters


Innate Abilities, Weirdness & Mutations

You are a tree.
Your roots penetrate the ground, keeping you stationary.
You cannot be teleported.
You are immune to unholy pain and torment.
Your maximum health is greatly increased.
You cannot wear most types of armour.
((You are amphibious.))
You can wear up to eight rings at the same time.
((Your skin changes colour to match your surroundings (Stealth+).))
((Your rubbery body absorbs attacks. (AC +1, EV +1)))
((You are camouflaged when in or above water. (Stealth+)))
((You have tentacles for arms and can constrict up to eight enemies at once.))


Message History

The killer bee stings you but does no damage.
The killer bee stings you.
* * * LOW HITPOINT WARNING * * *
The killer bee stings you but does no damage.
The killer bee stings you.
* * * LOW HITPOINT WARNING * * *
It was a potion of berserk rage.
A red film seems to cover your vision as you go berserk!
You feel yourself moving faster!
You feel mighty!
* * * LOW HITPOINT WARNING * * *
You feel very sick.
The killer bee stings you but does no damage. x4
Unknown command.
You barely miss the killer bee. You punch the killer bee!
The killer bee is heavily wounded.
* * * LOW HITPOINT WARNING * * *
You feel sick.
The killer bee stings you but does no damage.
The killer bee barely misses you.
You miss the killer bee.
The killer bee is heavily wounded.
* * * LOW HITPOINT WARNING * * *
You feel sick.
The killer bee stings you but does no damage.
The killer bee barely misses you.
The killer bee stings you but does no damage. x2
You are too injured to fight recklessly!
Unknown command.
You slash the killer bee! You burn the killer bee.
You kill the killer bee!
* * * LOW HITPOINT WARNING * * *
You feel sick.
The killer bee stings you but does no damage.
You cannot move.
You miss the killer bee.
* * * LOW HITPOINT WARNING * * *
You feel sick. You block the killer bee's attack.
The killer bee stings you but does no damage.
You barely miss the killer bee.
You die...

.#######.#######.#
.#######.# #.#
.##......# #.#
.##.###### #.# .#
#.# .# #.# .. #.#
## #######.#
.....yy♣#
#########


You could see 2 killer bees.

Vanquished Creatures
  Sigmund (D:2)
  Menkaure (D:6)
  2 water moccasins (D:7)
  4 ice beasts
  A black bear (D:6)
  An orc warrior (D:7)
  A sky beast (D:6)
  4 ogres
  A centaur (D:5)
  A phantom (D:4)
  3 bullfrogs
  2 scorpions (D:4)
  A killer bee (D:7)
  4 jellies
  3 hounds
  An orc priest (D:6)
  3 iguanas
  A sleepcap (D:5)
  4 orc wizards
  A gnoll (D:1)
  7 adders
  3 white imps
  An ufetubus (D:6)
  3 dart slugs
  17 orcs
  4 ball pythons
  4 bats
  4 endoplasms
  2 giant cockroaches
  7 goblins
  A hobgoblin (D:4)
  9 jackals
  10 kobolds
  3 quokkas
  3 frilled lizards
  5 rats
123 creatures vanquished.

Notes
Turn   | Place    | Note
-------+----------+-------------------------------------------
     0 | D:1      | LeprechaunX the Octopode Shapeshifter began the quest for
                  | the Orb.
     0 | D:1      | Reached XP level 1. HP: 14/14 MP: 1/1
   187 | D:1      | Reached XP level 2. HP: 8/19 MP: 2/2
   248 | D:1      | Found Luur Reh's Assorted Antiques.
   402 | D:1      | Reached XP level 3. HP: 24/24 MP: 3/3
   983 | D:2      | Noticed Sigmund
   989 | D:2      | Killed Sigmund
   990 | D:2      | Reached XP level 4. HP: 30/30 MP: 4/4
   990 | D:2      | Reached XP level 5. HP: 36/36 MP: 5/5
  1042 | D:2      | Reached skill level 4 in Shapeshifting
  1355 | D:1      | Bought a transparent brass ring for 120 gold pieces
  1355 | D:1      | Identified the ring "Imoptic" {Wiz rF+ Dex+2} (You bought
                  | it in a shop on level 1 of the Dungeon)
  1822 | D:3      | Reached XP level 6. HP: 32/41 MP: 6/6
  1952 | D:3      | Reached skill level 1 in Polearms
  2390 | D:4      | Reached XP level 7. HP: 39/46 MP: 7/7
  2705 | D:4      | Reached skill level 5 in Shapeshifting
  3475 | D:5      | Entered Level 5 of the Dungeon
  3483 | D:5      | Found a staircase to the Ecumenical Temple.
  3610 | D:5      | Reached XP level 8. HP: 54/54 MP: 8/8
  3783 | D:5      | Reached skill level 5 in Unarmed Combat
  4134 | D:5      | Found a hide-covered altar of Uskayaw.
  4144 | D:5      | Found a white marble altar of Elyvilon.
  4206 | Temple   | Found a transporter.
  4206 | Temple   | Found a transporter.
  4206 | Temple   | Found a transporter.
  4206 | Temple   | Found a transporter.
  4206 | Temple   | Entered the Ecumenical Temple
  4262 | D:6      | Reached skill level 6 in Shapeshifting
  4306 | D:6      | Noticed Menkaure
  4314 | D:6      | Killed Menkaure
  4483 | D:6      | Reached skill level 5 in Fighting
  4483 | D:6      | Reached XP level 9. HP: 53/61 MP: 9/9
  4966 | D:7      | Reached skill level 1 in Evocations
  5167 | D:7      | Reached skill level 7 in Shapeshifting
  5668 | D:7      | HP: 4/91 [killer bee (4)]
  5672 | D:7      | HP: 1/136 [poisoned by a killer bee]
  5674 | D:7      | Succumbed to a killer bee's poison

Illustrated notes

Levels and vault maps discovered:
D:1:      mrwooster_arrival_statue_3, layout_basic, serial_corexii_hall,
          corexii_hall_statues_x, corexii_hall_statues_l, serial_shops,
          nicolae_shop_overgrown_old_shop
D:2:      layout_loops_cross, minmay_misc_feat_nine_boxes, uniq_sigmund
D:3:      layout_rooms
D:4:      layout_layer_cave
D:5:      layout_rooms, amethyst_overflow_temple_binary,
          minmay_temple_entry_arrows
D:6:      layout_loops_ring, uniq_menkaure
D:7:      layout_loops_ring, serial_shops, shop, ebering_ghost_reflecting_pool,
          amcnicky_mini_pool_medium, uniq_crazy_yiuf_cottage
Temple:   hellmonk_temple_divided_pantheon

Skill      XL: |  1  2  3  4  5  6  7  8  9 |
---------------+----------------------------+-----
Unarmed Combat | 3 4 5 6 |  6.0
Shapeshifting  | 4 5 6 7 |  7.1
Fighting       | 3 4 5 |  5.6
Polearms       | 1 2 4 |  4.5
Dodging        | 3 4 |  4.0
Evocations     | 2 |  2.0
Ranged Weapons | |  0.3

Action                     |  1- 3 |  4- 6 |  7- 9 || total
---------------------------+-------+-------+-------++-------
  Melee: Whip              |    39 |       |       ||    39
         Tentacles         |     7 |     8 |    21 ||    36
         Constrict         |    10 |    13 |    16 ||    39
         Unarmed           |     1 |       |       ||     1
         Halberd           |       |    65 |   135 ||   200
         Punch             |       |     1 |     1 ||     2
   Fire: Arbalest          |       |       |     3 ||     3
    Use: Potion            |       |       |     3 ||     3
   Stab: Sleeping          |     6 |     6 |    12 ||    24
         Distracted        |       |       |     2 ||     2
 Armour: Skin              |     8 |     3 |    34 ||    45
  Dodge: Dodged            |    35 |    35 |    55 ||   125
  Block: Other             |       |       |    20 ||    20
         Reflection        |       |       |     1 ||     1

Table legend: (Time is in decaauts)
 A = Elapsed time spent in this place.
 B = Non-inter-level travel time spent in this place.
 C = Inter-level travel time spent in this place.
 D = Time resting spent in this place.
 E = Time spent auto-exploring this place.
 F = Levels seen in this place.
 G = Mean time per level.
                   A        B        C        D        E       F      G
               +--------+--------+--------+--------+--------+-----+--------+
         Total |   5749 |   5428 |    321 |    265 |   4284 |   8 |  718.6 |
       Dungeon |   5725 |   5404 |    321 |    265 |   4284 |   7 |  817.9 |
        Temple |     23 |     23 |      0 |      0 |      0 |   1 |   23.0 |
               +--------+--------+--------+--------+--------+-----+--------+

Top non-repeatable levels by time:
     D:4: 1191 daAuts
     D:1: 1024 daAuts
     D:5: 757 daAuts
     D:2: 739 daAuts
     D:7: 734 daAuts
     D:6: 713 daAuts
     D:3: 565 daAuts
  Temple: 23 daAuts
